Match 47237693
Unlisted

Match 47237693
End
Construct Weapon Support Center
Scout Squad
M1919 Machine Gun Team
M1919 Machine Gun Team
Bazooka Squad
Engineer Squad
Air Support Center
Construct Medical Station
Improved M9 Bazooka Rockets
M3 Armored Personnel Carrier
P-47 Strafing Run
P-47 Strafing Run
P-47 Strafing Run
Grasshopper Recon Run
Bazooka Squad
P-47 Dive Bomb
Selects Special Operations Battlegroup
Selects Raiding Flares
Selects SSF Commando Squad
SSF Commando Squad
Grasshopper Recon Run
SSF Commando Squad
SSF Commando Squad
Grasshopper Recon Run
P-47 Strafing Run
concrusher
Incompetent Strategist
马可波罗11号
低调的大帅哥
Arcade
Sturmbock80
vincent
你是个娘们
0
0

Comments sign in to comment!

No comments posted yet!